Map: Abyssal Reef LE

Players

Gerald - Winner!

  • Race: Protoss Protoss
  • Spawn Location: 5:00

SolO

  • Race: Zerg Zerg
  • Spawn Location: 11:00

Event: WCS Valencia 2017

VOD

Have the link to the VOD?

Description

Time

  • Played on: July 13, 2017, 8:20 a.m.
  • Length: 11:58

All games in this series

Show
View Real Time Build Order
Export as new Build Order

Gerald Protoss - Winner!

Build Orders: 1 Gate Expand, Oracle Opening 

Get SALT Encoding   

  12  0:00  Probe (Chrono Boost)  
  13  0:11  Probe (Chrono Boost)  
  14  0:19  Pylon  
  14  0:22  Probe (Chrono Boost)  
  15  0:37  Probe (Chrono Boost)  
  15  0:40  Gateway  
  16  0:48  Probe (Chrono Boost), Assimilator  
  17  0:55  Pylon  
  17  0:59  Probe (Chrono Boost)  
  18  1:10  Probe (Chrono Boost)  
  19  1:20  Probe (Chrono Boost)  
  20  1:28  Nexus  
  20  1:31  Probe (Chrono Boost)  
  21  1:39  Cybernetics Core  
  21  1:43  Probe (Chrono Boost)  
  22  1:50  Assimilator  
  22  1:54  Probe (Chrono Boost)  
  23  2:01  Pylon  
  23  2:19  Probe, Adept (Chrono Boost)  
  26  2:24  Stargate  
  26  2:31  Probe  
  26  2:33  Warp Gate  
  27  2:37  Pylon  
  27  2:38  Probe  
  27  2:43  Probe  
  28  2:45  Stalker (Chrono Boost)  
  28  2:49  Probe  
  31  2:55  Probe  
  32  2:59  Probe  
  33  3:07  Probe  
  33  3:09  Oracle (Chrono Boost)  
  33  3:10  Probe  
  38  3:14  Adept  
  38  3:19  Probe  
  41  3:20  Probe  
  42  3:31  Probe, Pylon  
  42  3:32  Probe  
  44  3:40  Gateway  
  42  3:41  Probe  
  42  3:44  Probe  
  42  3:45  Gateway  
  44  3:52  Probe  
  44  3:55  Twilight Council  
  45  3:56  Probe  
  45  4:01  Oracle (Chrono Boost)  
  45  4:02  Probe  
  49  4:08  Probe  
  49  4:13  Probe  
  47  4:20  Probe  
  47  4:23  Probe  
  48  4:25  Pylon  
  48  4:27  Assimilator  
  48  4:30  Assimilator  
  49  4:32  Probe  
  49  4:33  Mothership Core  
  53  4:39  Resonating Glaives (Chrono Boost)  
  53  4:44  Probe  
  52  4:47  Pylon, Nexus  
  52  4:53  Probe  
  52  4:55  Phoenix  
  52  4:56  Probe  
  56  5:04  Adept x3  
  60  5:08  Gateway  
  60  5:09  Probe  
  60  5:11  Probe  
  61  5:15  Gateway  
  61  5:20  Probe  
  63  5:23  Probe  
  63  5:25  Adept x3  
  69  5:30  Probe  
  70  5:44  Pylon  
  70  5:46  Pylon  
  70  5:57  Probe  
  70  5:58  Probe  
  70  5:59  Probe  
  70  6:00  Adept x3  
  79  6:04  Adept  
  79  6:07  Probe  
  79  6:10  Probe x2  
  83  6:12  Pylon  
  83  6:15  Assimilator  
  83  6:18  Probe  
  84  6:19  Assimilator  
  84  6:20  Probe, Adept  
  84  6:22  Probe  
  84  6:23  Robotics Facility  
  89  6:28  Probe  
  89  6:31  Probe  
  88  6:34  Probe  
  88  6:39  Probe, Adept  
  90  6:40  Adept x4  
  90  6:42  Probe  
  90  6:46  Probe  
  97  6:49  Probe  
  97  6:52  Probe  
  97  6:59  Probe  
  97  7:00  Probe, Adept x3  
  104  7:03  Probe  
  104  7:04  Robotics Facility  
  100  7:11  Probe, Adept x2  
  100  7:12  Warp Prism (Chrono Boost)  
  100  7:14  Probe  
  103  7:17  Probe  
  103  7:23  Probe  
  103  7:25  Adept  
  103  7:26  Adept  
  108  7:31  Probe  
  108  7:35  Probe  
  104  7:39  Adept x2  
  104  7:44  Templar Archives  
  104  7:45  Gateway  
  104  7:47  Probe, Gateway  
  104  7:50  Probe, Gateway  
  105  7:53  Forge  
  105  7:58  Pylon  
  106  7:59  Pylon  
  106  8:04  Pylon  
  104  8:11  Immortal (Chrono Boost)  
  104  8:12  Nexus  
  108  8:16  Pylon, Immortal (Chrono Boost)  
  108  8:18  Pylon  
  108  8:19  Adept x5  
  122  8:21  Probe  
  123  8:28  Probe  
  123  8:31  Psionic Storm  
  118  8:34  Probe  
  118  8:40  Probe, Adept  
  118  8:41  Adept x4  
  121  8:43  Protoss Ground Weapons Level 1 (Chrono Boost)  
  121  8:46  Probe  
  121  8:48  Pylon  
  123  8:49  Pylon  
  123  8:51  Assimilator  
  115  8:55  Assimilator  
  115  8:58  Adept  
  115  8:59  Probe  
  115  9:01  Probe  
  118  9:04  Probe  
  118  9:11  Adept x5  
  120  9:32  Immortal, High Templar x6  
  120  9:37  Immortal  
  140  9:42  Archon x3  
  138  9:51  High Templar  
  138  9:52  High Templar  
  138  9:53  Probe  
  135  10:07  Immortal  
  133  10:10  High Templar x6  
  141  10:15  Gateway  
  141  10:16  Gateway  
  141  10:17  Immortal  
  141  10:22  Gateway  
  141  10:25  Photon Cannon, Gateway  
  141  10:28  Photon Cannon  
  141  10:31  Photon Cannon  
  141  10:32  Photon Cannon  
  141  10:34  Zealot, Photon Cannon  
  143  10:41  Nexus  
  143  10:43  Pylon  
  143  10:47  Zealot x7  
  143  10:49  Immortal  
  157  10:52  Pylon, Archon  
  157  10:56  Immortal  
  165  11:10  Photon Cannon  
  165  11:13  Photon Cannon  
  165  11:15  Probe  
  165  11:16  Photon Cannon  
  165  11:17  Probe  
  165  11:18  Photon Cannon  
  166  11:20  Assimilator  
  166  11:23  Zealot x9, Assimilator  
  166  11:24  Zealot x2  
  189  11:27  Zealot  
  189  11:35  Probe  
  189  11:36  Probe  
  186  11:40  Probe  
  186  11:43  Probe  
  183  11:50  Zealot x6  
Show
View Real Time Build Order
Export as new Build Order

SolO Zerg 

Build Orders: Pool First, Swarm Host 

Get SALT Encoding   

  12  0:00  Drone  
  13  0:12  Overlord  
  13  0:17  Drone  
  14  0:30  Drone x2  
  14  0:34  Drone  
  17  0:49  Spawning Pool, Drone  
  17  0:55  Drone  
  18  0:58  Extractor  
  17  1:17  Hatchery  
  16  1:20  Drone  
  16  1:23  Drone  
  18  1:30  Drone  
  19  1:39  Queen  
  21  1:47  Overlord  
  21  1:51  Zergling x2  
  22  1:58  Metabolic Boost  
  22  2:06  Drone  
  23  2:13  Drone  
  23  2:14  Queen  
  26  2:34  Hatchery  
  25  2:38  Zergling x2  
  25  2:39  Zergling x2  
  25  2:44  Drone x2  
  28  2:49  Drone  
  30  2:52  Overlord  
  30  3:00  Zergling x4  
  30  3:02  Zergling x2  
  30  3:05  Drone  
  34  3:10  Drone  
  34  3:12  Drone  
  36  3:17  Drone  
  37  3:21  Drone x3  
  38  3:36  Drone  
  38  3:37  Drone x3  
  38  3:38  Queen  
  43  3:42  Overlord  
  43  3:46  Drone x2  
  45  3:50  Overlord  
  44  4:04  Drone  
  44  4:05  Drone x5  
  45  4:11  Queen  
  45  4:19  Drone x4  
  49  4:24  Baneling Nest  
  49  4:28  Drone  
  49  4:30  Spore Crawler  
  48  4:34  Drone  
  48  4:35  Spore Crawler  
  48  4:36  Drone x2  
  50  4:41  Zergling x6  
  53  4:46  Zergling x4  
  53  4:48  Overlord  
  53  4:50  Zergling x2  
  53  4:51  Zergling x2  
  57  4:55  Spore Crawler  
  57  4:56  Drone  
  56  5:03  Drone  
  56  5:04  Drone x2  
  56  5:06  Overlord  
  58  5:09  Baneling x5  
  58  5:11  Baneling  
  58  5:13  Drone  
  61  5:14  Drone x3  
  61  5:21  Evolution Chamber, Drone x3, Extractor  
  62  5:22  Drone  
  62  5:25  Zergling x4  
  66  5:32  Drone x3  
  66  5:33  Drone  
  66  5:34  Drone x2  
  72  5:38  Lair  
  72  5:43  Extractor, Drone x2  
  72  5:45  Overlord  
  72  5:46  Extractor  
  72  5:49  Overlord  
  72  5:55  Overlord  
  72  6:01  Extractor  
  72  6:03  Extractor, Zerg Melee Weapons Level 1, Overlord  
  70  6:04  Drone x2  
  70  6:05  Drone x2  
  70  6:08  Drone  
  70  6:09  Drone  
  77  6:11  Drone  
  77  6:12  Drone x4  
  77  6:15  Overlord  
  81  6:19  Drone x3  
  81  6:20  Drone  
  84  6:29  Zergling x6  
  77  6:34  Zergling x2  
  77  6:35  Zergling x10  
  74  6:43  Zergling x4  
  61  6:54  Zergling x2  
  61  6:55  Zergling x8  
  62  7:12  Zergling x4  
  62  7:20  Baneling x4  
  61  7:23  Zergling x2  
  60  7:40  Drone x7  
  65  7:50  Infestation Pit, Baneling  
  65  7:51  Baneling  
  63  8:00  Drone x2  
  63  8:01  Drone  
  63  8:02  Zergling x4  
  63  8:05  Baneling x3  
  68  8:06  Baneling  
  68  8:10  Drone x3  
  71  8:13  Zergling x2  
  71  8:14  Zergling x6  
  69  8:31  Zergling x12  
  69  8:32  Zergling x8  
  72  8:42  Drone x2  
  69  8:59  Queen  
  69  9:01  Drone x4  
  68  9:10  Zergling x12  
  68  9:14  Drone  
  68  9:15  Drone x2  
  72  9:18  Baneling  
  72  9:19  Baneling x3  
  72  9:22  Drone x2  
  74  9:35  Zergling x2  
  74  9:36  Zergling x20  
  83  9:52  Zergling x10  
  83  10:00  Drone x4  
  77  10:08  Drone x5  
  77  10:13  Queen  
  70  10:17  Swarm Host x2  
  70  10:20  Queen  
  78  10:23  Drone  
  78  10:25  Zergling x2  
  78  10:26  Zergling x6  
  83  10:30  Swarm Host  
  83  10:35  Drone x2  
  87  10:40  Swarm Host x2  
  94  10:43  Drone  
  86  10:50  Drone x2  
  86  10:51  Drone  
  86  10:53  Swarm Host  
  86  10:54  Swarm Host, Spore Crawler  
  94  11:00  Drone  
  94  11:01  Drone x2  
  97  11:07  Overlord x2  
  97  11:22  Overlord  
  95  11:36  Zergling x20  
  95  11:37  Zergling x4  
Tags
 
Add a new tag
Caveats
  • Supply blocks, unpowered buildings, or Contaminate may cause inaccurate times.
  • Supply counts are checked every 10 seconds.